 Dungeon Crawl Stone Soup version 0.28.0-43-g3370ac3207 (webtiles) character file.

Game seed: 16311657667071835579

58 lonewolfV2 the Skirmisher (level 3, 0/30 HPs)
             Began as a Demonspawn Berserker on Mar 28, 2022.
             Was a Follower of Trog.
             Slain by a jackal (3 damage)
             ... on level 2 of the Dungeon.
             The game lasted 00:01:53 (1655 turns).

lonewolfV2 the Skirmisher (Demonspawn Berserker)    Turns: 1655, Time: 00:01:53

Health: 0/30       AC:  2    Str: 19    XL:     3   Next: 75%
Magic:  3/3        EV: 12    Int:  8    God:    Trog [*.....]
Gold:   13         SH:  0    Dex: 12    Spells: 2/2 levels left

rFire   . . .      SeeInvis .   a - +0 hand axe
rCold   . . .      Faith    .   (no shield)
rNeg    . . .      Spirit   .   b - +0 animal skin
rPois   .          Reflect  .   (no helmet)
rElec   .          Harm     .   (no cloak)
rCorr   .          Rampage  .   (no gloves)
Will    .....                   (no boots)
Stlth   +.........              (no amulet)
HPRegen 0.10/turn               (no ring)
MPRegen 0.08/turn               (no ring)

@: on berserk cooldown, slowed, very slow
A: foul stench 1
a: Renounce Religion, Berserk


You were on level 2 of the Dungeon.
You worshipped Trog.
Trog was aware of your devotion.
You visited 1 branch of the dungeon, and saw 2 of its levels.

You collected 13 gold pieces.

Inventory:

Hand Weapons
 a - a +0 hand axe (weapon)
Armour
 b - a +0 animal skin (worn)
Jewellery
 f - an amulet of guardian spirit
Scrolls
 d - a scroll of fog {unknown}
 e - 2 scrolls of fear {unknown}
 g - 3 scrolls of enchant weapon {unknown}


   Skills:
 + Level 3.8 Fighting
 + Level 3.3 Axes
 + Level 2.0 Armour
 + Level 2.1 Dodging
 + Level 0.1 Stealth


You had 2 spell levels left.
You didn't know any spells.
Your spell library was empty.

Dungeon Overview and Level Annotations

Branches:
Dungeon (2/15)

Altars:


Innate Abilities, Weirdness & Mutations

You may rarely emit foul miasma when damaged in melee.


Message History

The gnoll throws a throwing net.
The throwing net closely misses you.
Your Armour skill increases to level 2!
The gnoll closely misses you. x2
Things that are here:
a +0 whip; a gnoll corpse You hit the gnoll but do no damage.
The gnoll barely misses you. x2
You slash the gnoll!
The gnoll is severely wounded.
The gnoll closely misses you. x3
You hit the gnoll.
The gnoll is severely wounded.
The gnoll misses you. x2
You barely miss the gnoll.
The gnoll is severely wounded.
The gnoll hits you with a +0 club.
The gnoll hits you from afar with a +0 halberd!
You hit the gnoll.
You kill the gnoll!
Trog accepts your kill.
The gnoll hits you from afar with a +0 halberd!
* * * LOW HITPOINT WARNING * * *
The gnoll barely misses you.
Things that are here:
a +0 club; a throwing net; a gnoll corpse A red film seems to cover your vision as you go berserk!
You feel yourself moving faster!
You feel mighty! The gnoll barely misses you.
You hit the gnoll.
The gnoll is moderately wounded.
The gnoll barely misses you.
You slash the gnoll!
You kill the gnoll!
Trog accepts your kill.
A jackal comes into view.
The jackal barks!
You see here a +0 halberd.
You feel a strong urge to attack something.
You feel your anger nearly subside.
You are no longer berserk.
You are exhausted.
You feel yourself slow down. The jackal bites you.
You die...

. ####### . #.. ... ..
... ..# ###. .## ####.#
#.# #.. ...[###.##.# #$#
#.# ........#.# #.### #<#
#
#.###......###...###.#.#
......h@..)))..รท..(....#
#.###......####..###.#.#
##...#.# ##.# #.#.#
##.##.# #.# #.# # #.##.#
#.# #.. #.##.. .#. ...
#.#### # # #### #.#


You could see a jackal.

Vanquished Creatures
  3 gnolls (D:2)
  2 adders (D:2)
  A bat (D:2)
  2 endoplasms
  A goblin (D:2)
  A jackal (D:1)
  A kobold (D:1)
  A quokka (D:1)
  A frilled lizard (D:2)
13 creatures vanquished.

Notes
Turn   | Place    | Note
-------+----------+-------------------------------------------
     0 | D:1      | lonewolfV2 the Demonspawn Berserker began the quest for the
                  | Orb.
     0 | D:1      | Reached XP level 1. HP: 18/18 MP: 1/1
   232 | D:1      | Found a faded altar of an unknown god.
   830 | D:2      | Gained mutation: You may rarely emit foul miasma when
                  | damaged in melee. [demonic ancestry]
   830 | D:2      | Reached XP level 2. HP: 6/24 MP: 2/2
   831 | D:2      | HP: 1/24 [goblin/+0 club (1)]
  1627 | D:2      | Reached XP level 3. HP: 29/29 MP: 3/3
  1655 | D:2      | Slain by a jackal

Illustrated notes

Levels and vault maps discovered:
D:1:      scummos_arrival_forest, layout_loops_corners,
          dreamdust_ecumenical_altar_statues, skrybe_limestone_x
D:2:      wad_crossroads, layout_loops_ring, uniq_robin

Skill      XL: |  1  2  3 |
---------------+----------+-----
Axes           | 3 |  3.3
Dodging        | 2 |  2.1
Armour         | 2 |  2.0
Fighting       | |  3.8
Stealth        | |  0.1

Action                   || total
-------------------------++-------
Melee: Hand axe          ||    41
Invok: Berserk           ||     1
  Use: Potion            ||     1
Armor: Animal skin       ||     6
       Skin              ||     4
Dodge: Dodged            ||    42
